[Event "Titled Tuesday Blitz August 15 Late 2023"]
[White "Tsyhanchuk, Stanislav"]
[Black "Papasimakopoulos, Alexandros"]
[WhiteFideId "13505130"]
[BlackFideId "4244125"]
[WhiteElo "2459"]
[BlackElo "2702"]
[Result "0-1"]
[Round "4"]
[TimeControl "180+1"]
[Date "2023.08.15"]
[WhiteClock "0:00:03"]
[BlackClock "0:00:44"]
[Board "57"]

1. c4 e6 2. Nc3 d5 3. cxd5 exd5 4. d4 c6 5. Nf3 Bd6 6. Bg5 Ne7 7. e3 f6 8. Bh4 Bf5 9. Bd3 Nd7 10. Bg3 Nf8 11. a4 a5 12. Qc2 Bxd3 13. Qxd3 Nfg6 14. O-O Bxg3 15. hxg3 O-O 16. Rab1 Qd6 17. e4 dxe4 18. Nxe4 Qb4 19. b3 Nd5 20. Nc5 Rfe8 21. Nd2 b6 22. Nce4 Rad8 23. Nc4 Kh8 24. Rb2 Nge7 25. Qd2 Nf5 26. Qxb4 Nxb4 27. f3 Nd5 28. Rd1 h5 29. Kf2 Kg8 30. Rbd2 Rd7 31. Rh1 g6 32. Nxb6 Nxb6 33. Nxf6+ Kf7 34. Nxd7 Nxd7 35. d5 c5 36. Rc1 Nd4 37. Rc3 Rb8 38. Rdd3 Ke7 39. Re3+ Kd6 40. g4 hxg4 41. f4 Nf6 42. Re5 Nxd5 43. Rc1 Nxf4 44. Re3 Nd5 45. Rg3 Rf8+ 46. Kg1 Ne2+ 0-1


[Site "https://www.chess.com"]

[Event "Titled Tuesday Blitz August 15 Late 2023"]
[White "dr_tatiana"]
[Black "Volovich, Vasily"]
[BlackFideId "34169676"]
[WhiteElo "2459"]
[BlackElo "2700"]
[Result "0-1"]
[Round "4"]
[TimeControl "180+1"]
[Date "2023.08.15"]
[WhiteClock "0:00:00"]
[BlackClock "0:00:05"]
[Board "58"]

1. e4 e6 2. d4 d5 3. Nd2 c5 4. Ngf3 cxd4 5. Nxd4 Nf6 6. e5 Nfd7 7. f4 Nxe5 8. Be2 Nec6 9. N2f3 Bc5 10. c3 O-O 11. O-O Qb6 12. Kh1 Nxd4 13. cxd4 Be7 14. Bd3 Nc6 15. Ne5 g6 16. Ng4 Qxd4 17. Bd2 Qxd3 18. Nh6+ Kg7 19. Bc3+ Qxc3 20. Nf5+ gxf5 21. bxc3 Bf6 22. Rf3 Kh8 23. Rg3 Ne7 24. Qh5 Ng6 25. Rh3 Bh4 26. Rxh4 Nxh4 27. Qxh4 f6 28. Qh6 Bd7 29. Re1 Rf7 30. Re3 Rg8 31. Rg3 Rxg3 32. hxg3 Kg8 33. Qh5 Bb5 34. Qf3 Bc4 35. Qe3 Re7 36. Qxa7 Kf7 37. Qc5 b5 38. a3 e5 39. fxe5 fxe5 40. Qd6 e4 41. Qh6 e3 42. Qxh7+ Ke8 43. Qxf5 e2 44. Qc8+ Kf7 45. Qf5+ Kg8 46. Qg6+ Kf8 47. Qf6+ Ke8 48. Qc6+ Rd7 49. Qe6+ Kd8 50. Kg1 Kc7 51. Qe5+ Kd8 52. Kf2 Re7 53. Qd6+ Ke8 54. Ke1 Rf7 55. Qe6+ Kf8 56. Qh6+ Ke7 57. Qg5+ Ke6 58. Qg6+ Rf6 59. Qg4+ Ke7 60. Kd2 Rf1 61. Qg5+ Ke6 62. Qg6+ Kd7 63. Qg7+ Kc6 64. Qg6+ Kb7 65. Qg7+ Ka6 66. Qh6+ Ka5 67. Qe3 e1=Q+ 68. Qxe1 Rxe1 69. Kxe1 Bd3 70. Kd2 Be4 71. Ke3 Ka4 72. g4 Kxa3 73. Kd4 Bxg2 74. g5 Be4 75. g6 Bxg6 76. Kxd5 Bd3 77. Kd4 Bc4 0-1


[Site "https://www.chess.com"]

[Event "Titled Tuesday Blitz August 15 Late 2023"]
[White "djathtaspogradec"]
[Black "Korchmar, Vasiliy"]
[BlackFideId "24131750"]
[WhiteElo "2453"]
[BlackElo "2698"]
[Result "1-0"]
[Round "4"]
[TimeControl "180+1"]
[Date "2023.08.15"]
[WhiteClock "0:00:08"]
[BlackClock "0:00:00"]
[Board "59"]

1. e4 c5 2. c3 d5 3. exd5 Nf6 4. Nf3 Nxd5 5. Bc4 g6 6. Qb3 e6 7. O-O Bg7 8. d4 cxd4 9. Nxd4 O-O 10. Re1 Nb6 11. Be3 e5 12. Nf3 Nxc4 13. Qxc4 Nc6 14. Bg5 Qc7 15. Qh4 h5 16. Bf6 Bg4 17. Bxg7 Kxg7 18. Nbd2 Ne7 19. Nxe5 Be6 20. Ndf3 Rad8 21. Nd4 Bd5 22. Rad1 Bxa2 23. Ng4 Nd5 24. Nf5+ Kg8 25. Rxd5 hxg4 26. Rxd8 Qxd8 27. Ne7+ Kg7 28. Qxg4 Be6 29. Qd4+ Qxd4 30. cxd4 Kf6 31. d5 Kxe7 32. dxe6 fxe6 33. Ra1 a6 34. h4 Rc8 35. Ra3 Rc1+ 36. Kh2 Rc2 37. Rb3 b5 38. Kg3 Rc5 39. f3 a5 40. Kg4 Kf6 41. Rd3 Rc4+ 42. Kg3 Rb4 43. b3 Kf5 44. Re3 e5 45. Rc3 Rd4 46. Re3 Rd2 47. Rc3 Ra2 48. Rc5 b4 49. Rb5 Ra3 50. Kh3 Kf6 51. Kg4 Rxb3 52. Rxa5 Rb1 53. Ra6+ Kf7 54. Rb6 b3 55. Kg5 b2 56. g4 Ke7 57. Kxg6 Rf1 58. Rxb2 Rxf3 59. h5 e4 60. g5 e3 61. Re2 Ke6 62. h6 Ke5 63. h7 Rh3 64. Rxe3+ Rxe3 65. h8=Q+ 1-0


[Site "https://www.chess.com"]

[Event "Titled Tuesday Blitz August 15 Late 2023"]
[White "Dourerassou, Jonathan"]
[Black "Ribeiro, Matheus Mendes Domingues"]
[WhiteFideId "628050"]
[BlackFideId "324226923"]
[WhiteElo "2698"]
[BlackElo "2441"]
[Result "0-1"]
[Round "4"]
[TimeControl "180+1"]
[Date "2023.08.15"]
[WhiteClock "0:00:02"]
[BlackClock "0:00:06"]
[Board "60"]

1. d4 d5 2. Nc3 e6 3. e4 Nf6 4. exd5 exd5 5. Bd3 Be7 6. Nf3 O-O 7. O-O Bg4 8. h3 Bh5 9. Bf4 Bd6 10. Be5 Nc6 11. Re1 Re8 12. Bxf6 Rxe1+ 13. Qxe1 Qxf6 14. Nxd5 Qe6 15. Bxh7+ Kh8 16. Qe4 Bxf3 17. gxf3 Qxh3 18. Bf5 Qh2+ 19. Kf1 g6 20. Bxg6 fxg6 21. Ke2 Kg7 22. c3 Rf8 23. f4 Qh3 24. Rh1 Qf5 25. Qf3 Rh8 26. Rxh8 Kxh8 27. Ne3 Qxf4 28. Qh3+ Kg7 29. Qd7+ Qf7 30. Qg4 Ne7 31. Qe4 Nf5 32. Qxb7 Nxe3 33. fxe3 Qf5 34. Qxa7 Qc2+ 35. Kf3 Qxb2 36. Qa5 Qb1 37. e4 Qd3+ 38. Kf2 Qxe4 39. Qb5 Qf5+ 40. Ke2 Qxb5+ 41. Ke3 Qa4 42. Kd3 Qxa2 43. c4 Qb3+ 44. Ke4 Qxc4 45. Kf3 Qxd4 0-1


[Site "https://www.chess.com"]

[Event "Titled Tuesday Blitz August 15 Late 2023"]
[White "WindWhistler11"]
[Black "Djordjevic, Vuk"]
[BlackFideId "902098"]
[WhiteElo "2439"]
[BlackElo "2697"]
[Result "0-1"]
[Round "4"]
[TimeControl "180+1"]
[Date "2023.08.15"]
[WhiteClock "0:00:00"]
[BlackClock "0:00:04"]
[Board "61"]

1. Nf3 e6 2. g3 d5 3. c4 Nf6 4. Bg2 Be7 5. O-O O-O 6. d3 c6 7. Qc2 a5 8. b3 Nbd7 9. Bb2 b5 10. a3 bxc4 11. dxc4 Rb8 12. Nbd2 Qb6 13. Rab1 Ba6 14. Bd4 Bc5 15. Bb2 Rfd8 16. e4 dxe4 17. Nxe4 Nxe4 18. Qxe4 Qxb3 19. Be5 Qxc4 20. Rxb8 Rxb8 21. Qxc4 Bxc4 22. Rc1 Bxa3 23. Rxc4 Rb1+ 24. Bf1 c5 25. Rc3 Bb4 26. Rd3 Nf8 27. Rd8 c4 28. Kg2 c3 29. Bd3 Rc1 30. Ng5 g6 31. Ne4 f5 32. Ng5 Be7 33. Nxe6 Bxd8 34. Nxd8 Nd7 35. Bf4 Rd1 36. Bc4+ Kg7 37. Bb3 Re1 38. Ne6+ Kf6 39. Nc7 Re4 40. Nd5+ Kg7 41. Nxc3 Rb4 42. Be6 Nf8 43. Be5+ Kh6 44. Bf7 Rb7 45. Bf4+ Kg7 46. Bd5 Re7 47. Bd6 Re8 48. Bc5 h6 49. Nb5 Nd7 50. Bd4+ Kh7 51. Nd6 Rd8 52. Nf7 Rf8 53. Be6 Nb8 54. Ne5 Re8 55. Bf7 Rd8 56. Bxg6+ Kg7 57. Nc6+ Rxd4 58. Nxd4 Kxg6 59. Kf3 a4 60. Nb5 Nc6 61. Kf4 Na5 62. h3 Nc4 63. g4 fxg4 64. hxg4 a3 65. Nc3 Nb6 66. Ke4 Nc4 67. f4 Nd2+ 68. Ke5 Nc4+ 69. Ke6 Nb6 70. f5+ Kh7 71. f6 Kg6 72. f7 Nd7 73. Ke7 Kg7 74. Kxd7 Kxf7 75. Kd6 Kf6 0-1


[Site "https://www.chess.com"]

[Event "Titled Tuesday Blitz August 15 Late 2023"]
[White "Hoang, Thi Bao Tram"]
[Black "Harriott, Tyrell"]
[WhiteFideId "12401102"]
[BlackFideId "2086484"]
[WhiteElo "2673"]
[BlackElo "2433"]
[Result "1-0"]
[Round "4"]
[TimeControl "180+1"]
[Date "2023.08.15"]
[WhiteClock "0:00:02"]
[BlackClock "0:00:00"]
[Board "62"]

1. d4 e6 2. g3 d5 3. Bg2 Bd6 4. c4 c6 5. Nc3 f5 6. Nh3 Nf6 7. O-O O-O 8. Bf4 Be7 9. Qb3 Ne4 10. f3 Nf6 11. Rad1 Nbd7 12. cxd5 exd5 13. e4 Nb6 14. e5 Nh5 15. Bc1 Be6 16. f4 Qd7 17. Kh1 Kh8 18. Ng5 Bg8 19. Bf3 g6 20. Bxh5 gxh5 21. Ne2 Nc4 22. Qf3 Qe8 23. b3 Nb6 24. a4 Qg6 25. Be3 Rac8 26. Rc1 Na8 27. Ng1 Nc7 28. Qe2 h6 29. N5h3 Ne6 30. Nf3 b6 31. Rfd1 Qg4 32. Nf2 Qg6 33. Qa6 Rc7 34. Rc2 Rfc8 35. Rdc1 c5 36. Qe2 Bf7 37. Qd2 Rg8 38. Rg1 Rgc8 39. Rgc1 Kh7 40. a5 Bg8 41. axb6 axb6 42. Qe2 Kh8 43. Qb5 Rc6 44. Nd3 Qg4 45. Rf2 Bf7 46. Nde1 Be8 47. Qd3 Qg8 48. Qxf5 Bg6 49. Qh3 Be4 50. Ng2 cxd4 51. Rxc6 Rxc6 52. Nxd4 Nxd4 53. Qxh5 Qg7 54. f5 Qxe5 55. Bxh6 Kg8 56. Bf4 Qf6 57. Qg4+ Kf7 58. Qh5+ Kf8 59. h4 Kg8 60. Kh2 Nxf5 61. Bg5 Qg6 62. Qe2 1-0


[Site "https://www.chess.com"]

[Event "Titled Tuesday Blitz August 15 Late 2023"]
[White "Ozdemir, Serhan Berat"]
[Black "Szyszylo, Rafal"]
[WhiteFideId "6374611"]
[BlackFideId "1109626"]
[WhiteElo "2662"]
[BlackElo "2430"]
[Result "1-0"]
[Round "4"]
[TimeControl "180+1"]
[Date "2023.08.15"]
[WhiteClock "0:01:26"]
[BlackClock "0:00:00"]
[Board "63"]

1. e4 d6 2. d4 Nf6 3. Nc3 g6 4. Nf3 Bg7 5. Be3 c6 6. Qd2 b5 7. Bd3 Ng4 8. Bg5 h6 9. Bh4 O-O 10. h3 Nf6 11. O-O-O b4 12. Ne2 a5 13. g4 Nfd7 14. Bg3 Qc7 15. Bf4 c5 16. Bb5 cxd4 17. Bxh6 e5 18. h4 Nc5 19. Bxg7 Kxg7 20. h5 Nxe4 21. Qe1 Bxg4 22. Nexd4 Nf6 23. hxg6 fxg6 24. Qd2 exd4 25. Qh6+ Kf7 26. Ng5+ Ke7 27. Rhe1+ Kd8 28. Qxf8+ 1-0


[Site "https://www.chess.com"]

[Event "Titled Tuesday Blitz August 15 Late 2023"]
[White "Mazurkiewicz, Michal"]
[Black "Valenzuela Gomez, Fernando"]
[WhiteFideId "1124943"]
[BlackFideId "3409392"]
[WhiteElo "2425"]
[BlackElo "2642"]
[Result "1/2-1/2"]
[Round "4"]
[TimeControl "180+1"]
[Date "2023.08.15"]
[WhiteClock "0:00:14"]
[BlackClock "0:00:12"]
[Board "64"]

1. e4 d6 2. d4 Nf6 3. Nc3 e5 4. dxe5 dxe5 5. Qxd8+ Kxd8 6. Bc4 Bb4 7. f3 Bxc3+ 8. bxc3 Ke7 9. Ba3+ Ke8 10. Rb1 Nbd7 11. Ne2 Nb6 12. Bb3 Be6 13. Kf2 Bxb3 14. axb3 Kd7 15. c4 Kc6 16. Nc3 a5 17. Nd5 Nfxd5 18. cxd5+ Kd7 19. c4 a4 20. c5 Nc8 21. b4 Na7 22. b5 Rhd8 23. c6+ Kc8 24. b6 cxb6 25. Rxb6 bxc6 26. Rc1 Kc7 27. Ra6 Kb7 28. Rxa4 cxd5 29. Rb4+ Ka6 30. Ra4+ Kb5 31. Rb4+ Ka5 32. Rc5+ Ka6 33. Ra4+ Kb7 34. Rb4+ Ka6 35. exd5 Rac8 36. Ra4+ Kb6 37. Rca5 Nb5 38. Ra6+ Kb7 39. R6a5 Kb6 40. d6 Nxa3 41. Rxa3 Rxd6 42. Ra6+ Kc7 43. Rc3+ Kb7 44. Rxd6 Rxc3 45. Rd7+ Rc7 46. Rd5 f6 47. Kg3 Kc6 48. Rd8 Rd7 49. Rc8+ Kd6 50. h4 Ke6 51. h5 f5 52. Rf8 Rf7 53. Rh8 h6 54. Re8+ Kf6 55. Rb8 Re7 56. Rb6+ Re6 57. Rb7 Re7 58. Rb6+ Re6 59. Rb7 e4 60. fxe4 fxe4 61. Kf2 Re5 62. Ke3 Rg5 63. Kxe4 Rxg2 64. Kf4 Rf2+ 65. Kg3 Rf5 66. Rb6+ Kg5 67. Rb7 Kf6 68. Rb6+ Kf7 69. Rb7+ Kg8 70. Kg4 Rg5+ 71. Kh4 Kh7 72. Rc7 Rd5 73. Rb7 Rc5 74. Ra7 Rb5 75. Rc7 Rd5 76. Rb7 Rd4+ 77. Kg3 Rd6 78. Kg4 Rf6 79. Kh4 Kg8 80. Ra7 Re6 81. Kg4 Rf6 82. Kh4 Rf7 83. Ra8+ Rf8 84. Ra7 Rc8 85. Kg4 Rc4+ 86. Kg3 Rc5 87. Kg4 Kf8 88. Rb7 Re5 89. Ra7 Re7 90. Ra8+ Kf7 91. Ra6 Re6 92. Ra7+ Kf6 93. Ra5 Re4+ 94. Kg3 Re5 95. Ra6+ Kf5 96. Ra7 Re3+ 97. Kh4 Re4+ 98. Kh3 Kf6 99. Kg3 Re6 100. Kg4 Rd6 101. Rb7 Rc6 102. Ra7 Rb6 103. Rc7 Ra6 104. Rb7 Rc6 105. Ra7 Rd6 106. Rb7 Rd4+ 107. Kg3 Rd3+ 108. Kg4 Rd8 109. Ra7 Re8 110. Ra6+ Re6 111. Ra7 Re4+ 112. Kg3 Re3+ 113. Kg4 Re1 1/2-1/2


[Site "https://www.chess.com"]

[Event "Titled Tuesday Blitz August 15 Late 2023"]
[White "Klinova, Masha"]
[Black "SmirnovAlexandrA"]
[WhiteFideId "2802015"]
[WhiteElo "2418"]
[BlackElo "2635"]
[Result "1/2-1/2"]
[Round "4"]
[TimeControl "180+1"]
[Date "2023.08.15"]
[WhiteClock "0:01:22"]
[BlackClock "0:01:00"]
[Board "65"]

1. e4 d5 2. exd5 Qxd5 3. Nc3 Qd6 4. d4 Nf6 5. Nb5 Qd8 6. Bf4 Na6 7. c4 g6 8. Nf3 Bg7 9. Be2 O-O 10. O-O c6 11. Nc3 Nc7 12. Be5 Bf5 13. Qb3 b5 14. cxb5 Nxb5 15. Nxb5 cxb5 16. Qxb5 Rc8 17. Rfc1 Qb6 18. Qxb6 axb6 19. Bc4 Bh6 20. Rc3 Ne4 21. Ba6 Nxc3 22. Bxc8 Ne2+ 23. Kf1 Rxc8 24. Kxe2 Rc2+ 25. Kf1 Rxb2 26. d5 Bd3+ 27. Kg1 Rb5 28. d6 exd6 29. Bxd6 Bg7 30. Re1 Rb1 31. Rxb1 Bxb1 32. a3 b5 33. Kf1 Bd3+ 34. Ke1 Bc3+ 35. Kd1 f5 36. Ne5 Bxe5 37. Bxe5 1/2-1/2


[Site "https://www.chess.com"]

[Event "Titled Tuesday Blitz August 15 Late 2023"]
[White "Todorovic, Bojan"]
[Black "Sydoryka, Vladyslav"]
[WhiteFideId "917087"]
[BlackFideId "14145928"]
[WhiteElo "2416"]
[BlackElo "2619"]
[Result "0-1"]
[Round "4"]
[TimeControl "180+1"]
[Date "2023.08.15"]
[WhiteClock "0:00:00"]
[BlackClock "0:00:05"]
[Board "66"]

1. d4 Nf6 2. c4 e6 3. Nf3 d5 4. Bg5 h6 5. Bxf6 Qxf6 6. Nbd2 Qd8 7. g3 b6 8. Bg2 Bb7 9. Ne5 Nd7 10. Nxd7 Qxd7 11. O-O Be7 12. Rc1 O-O 13. Qc2 Rac8 14. Rfd1 Rfd8 15. e3 c5 16. dxc5 bxc5 17. Nb3 Qa4 18. a3 Ba8 19. Nd2 Qxc2 20. Rxc2 Bf6 21. cxd5 exd5 22. Nb3 c4 23. Nd4 Rb8 24. Rb1 Rb6 25. Rd1 Rdb8 26. Rdd2 Bxd4 27. Rxd4 Rxb2 28. Rxb2 Rxb2 29. Bxd5 Bxd5 30. Rxd5 c3 31. Rd8+ Kh7 32. Rc8 c2 33. Kg2 Kg6 34. Kf3 Kf5 35. Rc5+ Ke6 36. e4 Kd6 37. Rc4 g5 38. h4 Ke5 39. hxg5 hxg5 40. Kg4 f6 41. f4+ gxf4 42. gxf4+ Ke6 43. Rc6+ Kd7 44. Rc3 Ke6 45. Rc6+ Kf7 46. Kf5 Rb5+ 47. e5 fxe5 48. fxe5 Rb2 49. Rc7+ Ke8 50. e6 Kd8 51. Rc6 Ke7 52. Rc7+ Kd6 53. Rc3 Ra2 54. Rd3+ Ke7 55. Rd7+ Ke8 56. Rc7 Kd8 57. Rc6 Ke7 58. Rc7+ Kd6 59. Rc3 a5 60. Kf6 Rxa3 61. Rxc2 Rf3+ 62. Kg5 Kxe6 63. Ra2 Rf5+ 64. Kg4 Kf6 65. Ra1 Ke6 66. Ra2 Rc5 67. Kf4 Kd5 68. Ke3 Kc4 69. Kd2 Kb3 70. Ra1 Kb2 71. Ra4 Kb3 72. Ra1 Kb2 73. Ra4 Rd5+ 74. Ke3 Kb3 0-1


[Site "https://www.chess.com"]

[Event "Titled Tuesday Blitz August 15 Late 2023"]
[White "dodoucb"]
[Black "Principe, Alexander"]
[BlackFideId "3804542"]
[WhiteElo "2407"]
[BlackElo "2613"]
[Result "1-0"]
[Round "4"]
[TimeControl "180+1"]
[Date "2023.08.15"]
[WhiteClock "0:00:30"]
[BlackClock "0:00:00"]
[Board "67"]

1. d4 Nf6 2. c4 g6 3. Nc3 Bg7 4. e4 O-O 5. Nf3 d6 6. Be2 e5 7. O-O Nc6 8. d5 Ne7 9. Ne1 Nd7 10. Nd3 c5 11. Be3 f5 12. f3 f4 13. Bf2 g5 14. b4 b6 15. a4 Ba6 16. Nb5 Nf6 17. bxc5 bxc5 18. Rb1 Nc8 19. Bxc5 dxc5 20. Kh1 Nd7 21. Qd2 Rf6 22. a5 Bf8 23. Qc3 Bxb5 24. Rxb5 Bd6 25. Rfb1 h5 26. Bd1 Rf7 27. Ba4 Rb8 28. Rb7 Rxb7 29. Rxb7 Bc7 30. Bxd7 Rxd7 31. Nxc5 Re7 32. Qb3 Bxa5 33. Ne6 Rxe6 34. dxe6 Qd2 35. Qb1 Nb6 36. c5 Nc4 37. Rd7 1-0


[Site "https://www.chess.com"]

[Event "Titled Tuesday Blitz August 15 Late 2023"]
[White "Blackburn, Jonathan L B"]
[Black "Wieczorek, Oskar"]
[WhiteFideId "1801090"]
[BlackFideId "1133950"]
[WhiteElo "2394"]
[BlackElo "2610"]
[Result "0-1"]
[Round "4"]
[TimeControl "180+1"]
[Date "2023.08.15"]
[WhiteClock "0:01:49"]
[BlackClock "0:02:00"]
[Board "68"]

1. d4 Nf6 2. c4 c5 3. d5 g6 4. Nc3 Bg7 5. e4 d6 6. h3 O-O 7. Nf3 e6 8. Bd3 Na6 9. O-O Nc7 10. Bg5 h6 11. Bf4 exd5 12. exd5 b5 13. Nxb5 Nxb5 14. cxb5 Nxd5 15. Be4 Nxf4 16. Bxa8 Bxh3 17. gxh3 Qxa8 18. Re1 Nxh3+ 19. Kf1 Nf4 20. Re3 Bxb2 21. Rb1 Be5 22. a4 Bd4 23. Nxd4 Qh1# 0-1


[Site "https://www.chess.com"]

[Event "Titled Tuesday Blitz August 15 Late 2023"]
[White "petr577"]
[Black "Altman, Joshua"]
[BlackFideId "426210"]
[WhiteElo "2386"]
[BlackElo "2606"]
[Result "0-1"]
[Round "4"]
[TimeControl "180+1"]
[Date "2023.08.15"]
[WhiteClock "0:00:03"]
[BlackClock "0:00:19"]
[Board "69"]

1. e4 e6 2. d4 d5 3. Nd2 Nf6 4. e5 Nfd7 5. Bd3 c5 6. c3 Nc6 7. Ngf3 Qb6 8. O-O cxd4 9. cxd4 Nxd4 10. Nxd4 Qxd4 11. Nf3 Qb6 12. Qa4 Qb4 13. Qc2 Nc5 14. Bd2 Qa4 15. Qxa4+ Nxa4 16. Rfc1 Nc5 17. Bf1 Bd7 18. Rc2 Be7 19. Rac1 Ne4 20. Be3 Bd8 21. Nd4 f6 22. f3 fxe5 23. fxe4 exd4 24. Bxd4 O-O 25. Bd3 Bc6 26. e5 Bb6 27. Bxb6 axb6 28. a3 Rf4 29. Rf2 Raf8 30. Rxf4 Rxf4 31. g3 Rf3 32. Bf1 Re3 33. Kf2 Rxe5 34. Bh3 Kf7 35. b4 Ke7 36. b5 Bxb5 37. Rc7+ Bd7 38. Rxb7 b5 39. Bf1 d4 40. Bd3 h6 41. h4 Kd6 42. Rb6+ Kc7 43. Ra6 Re3 44. Be2 Rc3 45. Ra7+ Kd6 46. Ra6+ Ke5 47. Ra7 Bc6 48. Rxg7 d3 49. Bd1 Rxa3 50. Rc7 Bd5 51. Ke3 b4 52. g4 b3 53. Kxd3 b2+ 54. Kc2 Rb3 55. Kb1 Be4+ 56. Bc2 Bxc2+ 57. Rxc2 Kf4 58. Rc6 Kxg4 59. Rxe6 h5 60. Rg6+ Kxh4 61. Rg8 Kh3 62. Rg5 h4 63. Rg8 Kh2 64. Rg4 h3 65. Rg8 Kh1 66. Rg4 h2 67. Rg8 Rf3 68. Kxb2 Rf2+ 69. Kc3 Rg2 70. Re8 Kg1 71. Re1+ Kf2 72. Ra1 Rg1 73. Ra2+ Kg3 74. Ra8 h1=Q 75. Rg8+ Kf2 76. Rf8+ Ke3 77. Re8+ Kf4 78. Rf8+ Ke5 79. Re8+ Kd6 80. Rd8+ Ke7 81. Rd2 Qf3+ 82. Kd4 Rg4+ 83. Kc5 Qc3+ 84. Kb5 Rb4+ 0-1


[Site "https://www.chess.com"]

[Event "Titled Tuesday Blitz August 15 Late 2023"]
[White "Polaczek, Richard"]
[Black "Isajevsky, Anton"]
[WhiteFideId "200026"]
[BlackFideId "4142500"]
[WhiteElo "2371"]
[BlackElo "2602"]
[Result "0-1"]
[Round "4"]
[TimeControl "180+1"]
[Date "2023.08.15"]
[WhiteClock "0:00:16"]
[BlackClock "0:00:01"]
[Board "70"]

1. d4 Nf6 2. c4 e6 3. Nc3 d5 4. cxd5 exd5 5. Bg5 c6 6. Qc2 Be7 7. e3 Nbd7 8. Bd3 Nf8 9. Nge2 Ne6 10. Bh4 g6 11. O-O O-O 12. f3 b5 13. Rad1 Bb7 14. h3 Rc8 15. Bf2 b4 16. Na4 c5 17. dxc5 Nxc5 18. Nxc5 Bxc5 19. Qd2 Qb6 20. Nd4 Rfe8 21. Bc2 Nd7 22. Ba4 Re7 23. Bh4 Ne5 24. Bxe7 Bxe7 25. b3 Ba6 26. Rc1 Rc3 27. Rxc3 bxc3 28. Qxc3 Bb4 29. Qc2 Bxf1 30. Kxf1 Bc5 31. f4 Bxd4 32. exd4 Qa6+ 33. Kf2 Nd3+ 34. Ke3 Nb4 35. Qc5 Qd3+ 36. Kf2 Qd2+ 37. Kg3 Nd3 38. Qc8+ Kg7 39. Qc7 Qf2+ 40. Kh2 Ne1 41. Qe5+ f6 42. Qe7+ Kh6 43. Qf8+ Kh5 44. Qg7 Qxg2# 0-1


[Site "https://www.chess.com"]

[Event "Titled Tuesday Blitz August 15 Late 2023"]
[White "Manukyan, Sargis A."]
[Black "Gerbelli Neto, Eduardo"]
[WhiteFideId "13303970"]
[BlackFideId "2103281"]
[WhiteElo "2590"]
[BlackElo "2346"]
[Result "1-0"]
[Round "4"]
[TimeControl "180+1"]
[Date "2023.08.15"]
[WhiteClock "0:00:10"]
[BlackClock "0:00:01"]
[Board "71"]

1. d4 d5 2. c4 c6 3. Nc3 Nf6 4. e3 e6 5. Nf3 Nbd7 6. Bd3 dxc4 7. Bxc4 b5 8. Bd3 a6 9. e4 c5 10. e5 cxd4 11. Nxb5 axb5 12. exf6 gxf6 13. O-O Qb6 14. Qe2 Bb7 15. Rd1 Rg8 16. g3 Qc6 17. Kg2 Qxf3+ 18. Qxf3 Bxf3+ 19. Kxf3 Ne5+ 20. Ke2 Nxd3 21. Kxd3 Bc5 22. Bd2 Ke7 23. a3 e5 24. Rac1 Kd6 25. Ke4 Rac8 26. f4 Ke6 27. f5+ Kd6 28. b4 Bb6 29. Rxc8 Rxc8 30. Rc1 Rg8 31. Ra1 h5 32. Kf3 Kd5 33. Re1 Rg4 34. h3 e4+ 35. Kg2 Rg8 36. Bf4 Rc8 37. g4 hxg4 38. h4 Rc2+ 39. Kg3 e3 40. h5 Ke4 41. h6 Bc7 42. Bxc7 Rxc7 43. h7 Rc8 44. Rh1 Rh8 45. a4 d3 46. a5 d2 47. a6 Rxh7 48. a7 Rh8 49. Rxh8 e2 50. a8=Q+ Ke3 51. Qa3+ Kd4 52. Rd8+ Kc4 53. Qd3+ Kxb4 54. Qxd2+ 1-0


[Site "https://www.chess.com"]

[Event "Titled Tuesday Blitz August 15 Late 2023"]
[White "Przybylski, Wojciech"]
[Black "Ouellet, Maili-Jade"]
[WhiteFideId "1117599"]
[BlackFideId "2620472"]
[WhiteElo "2575"]
[BlackElo "2344"]
[Result "1-0"]
[Round "4"]
[TimeControl "180+1"]
[Date "2023.08.15"]
[WhiteClock "0:00:05"]
[BlackClock "0:00:00"]
[Board "72"]

1. d4 Nf6 2. c4 e6 3. g3 d5 4. Bg2 Be7 5. Nf3 O-O 6. O-O dxc4 7. Qc2 b5 8. a4 b4 9. Qxc4 Ba6 10. Qc2 Nbd7 11. Ne5 Nxe5 12. dxe5 Nd5 13. Rd1 Qc8 14. Be4 h6 15. e3 c5 16. b3 Rd8 17. Bb2 c4 18. bxc4 Qxc4 19. Qxc4 Bxc4 20. Nd2 Be2 21. Re1 Ba6 22. Nb3 Rac8 23. Bd4 Nc3 24. Bf3 Rc7 25. h4 Bc4 26. Na5 Bd5 27. Bg4 b3 28. e4 Nxe4 29. Nxb3 Nxg3 30. Nd2 Nf5 31. Bxf5 exf5 32. Be3 Bxh4 33. Rac1 Rdc8 34. Rxc7 Rxc7 35. Rd1 Be7 36. Nf1 Bb3 37. Rb1 a5 38. Rxb3 Bb4 39. Rd3 Rc4 40. Rd8+ Kh7 41. Bd4 Rc2 42. Rd7 Kg6 43. e6 f6 44. Ne3 Rc1+ 45. Kg2 Rc8 46. e7 Re8 47. Nd5 Ba3 48. Rd8 Rxe7 49. Nxe7+ Bxe7 50. Rd5 1-0


[Site "https://www.chess.com"]

[Event "Titled Tuesday Blitz August 15 Late 2023"]
[White "Boder, Jan"]
[Black "Kochiev, Ivan"]
[WhiteFideId "16243226"]
[BlackFideId "2917890"]
[WhiteElo "2330"]
[BlackElo "2571"]
[Result "0-1"]
[Round "4"]
[TimeControl "180+1"]
[Date "2023.08.15"]
[WhiteClock "0:00:00"]
[BlackClock "0:00:05"]
[Board "73"]

1. c4 Nf6 2. g3 e6 3. Bg2 Be7 4. Nf3 O-O 5. O-O d5 6. d4 c6 7. Nc3 b6 8. b3 Bb7 9. Bb2 Nbd7 10. Qd3 Rc8 11. e4 dxe4 12. Nxe4 c5 13. Nxf6+ Bxf6 14. Ng5 Bxg5 15. Bxb7 Rc7 16. Bg2 cxd4 17. Bxd4 Nc5 18. Qc3 Bf6 19. Bxf6 Qxf6 20. Qxf6 gxf6 21. Rfd1 Rfc8 22. Rd4 f5 23. Rad1 Kg7 24. h4 Kf6 25. Bf3 a5 26. Rd6 Rb8 27. Rd8 Rxd8 28. Rxd8 a4 29. b4 Nd7 30. Be2 Ne5 31. Rd4 Nc6 32. Rd6 Nxb4 33. Rxb6 Nxa2 34. Ra6 Nc3 35. Bf1 Ke5 36. h5 h6 37. Ra8 Kd4 38. Ra5 Rc8 39. Ra7 Rg8 40. Ra5 Rg5 41. Ra7 e5 42. Rxf7 a3 43. Ra7 a2 44. Ra5 Rxh5 45. c5 Rg5 46. c6 Rg7 47. Ba6 Ra7 48. Ra3 Rc7 49. Bb7 Kc4 50. Ra8 Kb4 51. Kg2 Na4 52. Rb8 a1=Q 53. Ba8+ Kc5 54. Rf8 Rxc6 55. Bxc6 Kxc6 56. Rxf5 Qd4 57. Rh5 Qe4+ 58. Kg1 Kd5 59. Rxh6 Nc3 60. Rh4 Ne2+ 61. Kh2 Qf3 0-1


[Site "https://www.chess.com"]

[Event "Titled Tuesday Blitz August 15 Late 2023"]
[White "Budrewicz, Krzysztof"]
[Black "Young_Catalan_Player09"]
[WhiteFideId "1127950"]
[WhiteElo "2571"]
[BlackElo "2324"]
[Result "1/2-1/2"]
[Round "4"]
[TimeControl "180+1"]
[Date "2023.08.15"]
[WhiteClock "0:00:18"]
[BlackClock "0:01:04"]
[Board "74"]

1. d4 d5 2. c4 c6 3. Nc3 Nf6 4. Nf3 a6 5. c5 b6 6. cxb6 Nbd7 7. Bf4 Qxb6 8. Na4 Qa7 9. Rc1 Bb7 10. e3 e6 11. a3 c5 12. dxc5 Nxc5 13. Nxc5 Bxc5 14. Qa4+ Ke7 15. Be2 Rhc8 16. O-O Kf8 17. Ne5 Kg8 18. g4 h6 19. h4 Ne4 20. Qd7 Rf8 21. b4 Bb6 22. Bd3 d4 23. Bxe4 Bxe4 24. Qxa7 Bxa7 25. exd4 Bxd4 26. Nd7 Rfd8 27. Nc5 Bf3 28. g5 hxg5 29. Bxg5 f6 30. Be3 e5 31. Ne6 Rd6 32. Nxd4 exd4 33. Bf4 Rd5 34. Rc5 Rad8 35. Kh2 d3 36. Kg3 d2 37. Kxf3 Rxc5 38. Bxd2 Rcd5 39. Be3 Rd3 40. Ra1 Rc8 41. Ke2 Rcc3 42. a4 Ra3 43. Rb1 Rdb3 44. Rxb3 Rxb3 45. Bc5 Ra3 46. a5 Rb3 47. Kd2 Kf7 48. Kc2 Rh3 49. b5 axb5 50. a6 Rxh4 51. a7 Rh8 52. Kb3 Ke6 53. Kb4 Kd7 54. Kxb5 Ra8 55. Kb6 f5 56. Kb7 Rxa7+ 57. Bxa7 g5 58. Kb6 f4 59. Bb8 Ke6 60. Kc6 Kf5 61. Kd5 g4 62. Kd4 g3 63. fxg3 fxg3 64. Bxg3 1/2-1/2


[Site "https://www.chess.com"]

[Event "Titled Tuesday Blitz August 15 Late 2023"]
[White "Chor, Kevin"]
[Black "Barwinska, Ewa"]
[WhiteFideId "2090740"]
[BlackFideId "21833761"]
[WhiteElo "2570"]
[BlackElo "2294"]
[Result "1/2-1/2"]
[Round "4"]
[TimeControl "180+1"]
[Date "2023.08.15"]
[WhiteClock "0:00:08"]
[BlackClock "0:00:06"]
[Board "75"]

1. e4 c5 2. Nf3 Nc6 3. d4 cxd4 4. Nxd4 e6 5. Nc3 Qc7 6. Be2 a6 7. a3 Nf6 8. O-O Be7 9. Be3 b5 10. f4 O-O 11. Bf3 Bb7 12. e5 Ne8 13. Qd2 d6 14. exd6 Nxd6 15. Rad1 Nc4 16. Qf2 Nxb2 17. f5 Nxd1 18. Rxd1 Nxd4 19. Bxd4 Bxf3 20. Qxf3 e5 21. Nd5 Qd6 22. Bb6 Bf6 23. Kh1 Kh8 24. Bc7 Qc6 25. Ba5 Qxc2 26. h3 e4 27. Qg4 e3 28. Re1 Qd3 29. Nxf6 gxf6 30. Bb4 Rfe8 31. Re2 Rac8 32. Kh2 Qe4 33. Qh5 Qe5+ 34. g3 Rcd8 35. Qh4 Qxf5 36. g4 Qf3 37. Re1 e2 38. Bc5 Rd1 39. Bf2 Rxe1 40. Bxe1 Qf4+ 41. Bg3 Qd2 42. Be1 Qf4+ 43. Kg2 Qe4+ 44. Kg1 Qe3+ 45. Kg2 Qe4+ 46. Kh2 f5 47. Qf6+ Kg8 48. Qg5+ Kh8 49. Qf6+ Kg8 50. Qg5+ Kh8 51. Qf6+ 1/2-1/2


[Site "https://www.chess.com"]